 Dungeon Crawl Stone Soup version 0.26.1-11-gd32895ea62 (webtiles) character file.

Game seed: 133435678003324376

46 Woods the Cudgeller (level 3, 2/49 HPs)
             Began as a Minotaur Berserker on Apr 29, 2021.
             Was a Follower of Trog.
             Quit the game on level 2 of the Dungeon on July 27, 2021.
             The game lasted 00:02:48 (1887 turns).

Woods the Cudgeller (Minotaur Berserker)            Turns: 1887, Time: 00:02:48

Health: 2/49       AC:  2    Str: 21    XL:     3   Next: 46%
Magic:  2/2        EV: 12    Int:  4    God:    Trog [*.....]
Gold:   43         SH:  0    Dex: 10    Spells: 2/2 levels left

rFire    . . .     SeeInvis .   a - +0 mace
rCold    . . .     Faith    .   (no shield)
rNeg     . . .     Spirit   .   b - +0 animal skin
rPois    .         Reflect  .   (helmet restricted)
rElec    .         Harm     .   (no cloak)
rCorr    .         Rampage  .   (no gloves)
Will     .....                  (no boots)
Stlth    ..........             (no amulet)
HPRegen  0.16/turn              (no ring)
MPRegen  0.08/turn              (no ring)

@: berserking, lethally poisoned (2 -> -27), very quick
A: retaliatory headbutt, horns 2
a: Renounce Religion, Berserk


You were on level 2 of the Dungeon.
You worshipped Trog.
Trog was aware of your devotion.
You visited 1 branch of the dungeon, and saw 2 of its levels.

You collected 43 gold pieces.

Inventory:

Hand Weapons
 a - a +0 mace (weapon)
Armour
 b - a +0 animal skin (worn)
Scrolls
 d - 3 scrolls of teleportation {unknown}
 g - a scroll of identify {unknown}
 i - a scroll of amnesia {unknown}
Potions
 c - a potion of curing {unknown}
 e - a potion of ambrosia {unknown}
 f - a potion of degeneration {unknown}
 h - a potion of flight {unknown}


   Skills:
 + Level 4.3 Fighting
 + Level 4.6 Maces & Flails
 + Level 2.7 Armour
 + Level 2.5 Dodging


You had 2 spell levels left.
You didn't know any spells.
Your spell library was empty.

Dungeon Overview and Level Annotations

Branches:
Dungeon (2/15)

Altars:
Nemelex Xobeh


Innate Abilities, Weirdness & Mutations

You reflexively headbutt those who attack you in melee.
You have a pair of horns on your head.


Message History

The scorpion is almost dead.
You feel sick. The frilled lizard bites you. The scorpion stings you!
* * * LOW HITPOINT WARNING * * *
You are more poisoned.
The scorpion poisons you!
You miss the frilled lizard.
* * * LOW HITPOINT WARNING * * *
You feel sick.
You sock the frilled lizard!
You kill the frilled lizard!
Trog accepts your kill.
* * * LOW HITPOINT WARNING * * *
You feel sick. The scorpion stings you.
* * * LOW HITPOINT WARNING * * *
Welcome back, Woods the Minotaur Berserker.
Trog says: Kill them all!
Press ? for a list of commands and other information.
Are you sure you want to abandon this character and quit the game? (Confirm with "yes".)
Okay, then.
Are you sure you want to abandon this character and quit the game? (Confirm with "yes".)

#####.#.##
..#...⌠.⌠##
......._..#
......⌠.⌠.#
..........#
..........#
........#.##
.......s@..#
.....(..#..#
##########.# #.# #.#
###########.#
#.........#.## #.#
######
#.........#..###.####
.....#
#.........#..........


You could see a scorpion.

Vanquished Creatures
  2 adders (D:2)
  An ooze (D:1)
  A ball python (D:2)
  3 goblins
  3 hobgoblins
  3 jackals (D:2)
  A quokka (D:2)
  A bat (D:2)
  2 frilled lizards
  5 kobolds
  3 rats (D:1)
25 creatures vanquished.

Notes
Turn   | Place    | Note
-------+----------+-------------------------------------------
     0 | D:1      | Woods the Minotaur Berserker began the quest for the Orb.
     0 | D:1      | Reached XP level 1. HP: 19/19 MP: 0/0
   511 | D:1      | Reached XP level 2. HP: 18/27 MP: 1/1
  1525 | D:2      | Reached XP level 3. HP: 4/33 MP: 2/2
  1870 | D:2      | Found a sparkling altar of Nemelex Xobeh.
  1874 | D:2      | Noticed a scorpion
  1886 | D:2      | HP: 2/49 [scorpion (3)]
  1887 | D:2      | Quit the game

Illustrated notes

Levels and vault maps discovered:
D:1:      minmay_arrival_four_loops, layout_rooms
D:2:      layout_basic, nemelex_xobeh_ov_fountains_minmay,
          lemuel_zombie_altar_yredelemnul, chequers_ecumenical_altar_grove

Skill      XL: |  1  2 |
---------------+-------+-----
Maces & Flails | 4 |  4.6
Fighting       | 4 |  4.3
Armour         | |  2.7
Dodging        | |  2.5

Action                   || total
-------------------------++-------
Melee: Mace              ||    24
       Headbutt          ||     5
Invok: Berserk           ||     1
Armor: Animal skin       ||     8
Dodge: Dodged            ||    80
